| TOP OF THE 1ST |
|
Brockton Rox batting - Pitching for Niagara Falls Phantoms : RHP Frank Medrano
|
|
Pitching: RHP Frank Medrano
|
|
|
Batting: LHB Robert Gonzalez
|
0-0: DOUBLE (Line Drive, 78D, EV 102.5 MPH)
|
|
Batting: RHB Willie Camacho
|
0-0: Swinging Strike 0-1: Called Strike 0-2: Ball 1-2: Strikes out swinging
|
|
Batting: SHB Arihito Hiramoto
|
0-0: Called Strike 0-1: Fly out, F7 (Flyball, 78S, EV 93.1 MPH)
|
|
Batting: RHB Panam Palmer
|
0-0: Swinging Strike 0-1: Swinging Strike 0-2: 2-RUN HOME RUN (Line Drive, 78XD, EV 102.5 MPH), Distance : 423 ft
|
|
Batting: LHB Kenny Jackson
|
0-0: Ball 1-0: Swinging Strike 1-1: Swinging Strike 1-2: Strikes out swinging
|
| Top of the 1st over - 2 runs, 2 hits, 0 errors, 0 left on base; Brockton 2 - Niagara Falls 0 |
| BOTTOM OF THE 1ST |
|
Niagara Falls Phantoms batting - Pitching for Brockton Rox : RHP Jose Abanto
|
|
Pitching: RHP Jose Abanto
|
|
|
Batting: LHB Carlos Palau
|
0-0: Hit by Pitch
|
|
Batting: LHB Dario Segura
|
0-0: Ball 1-0: Ball Pickoff Play to 1st, Runner tries for 2nd, OUT after rundown. 2-0: Ball 3-0: Called Strike 3-1: DOUBLE (Flyball, 7LD, EV 110.6 MPH)
|
|
Batting: RHB Jesus Ruiz
|
0-0: Ball 1-0: Swinging Strike 1-1: Ball 2-1: Swinging Strike 2-2: Strikes out swinging
|
|
Batting: LHB Justin Short
|
0-0: Ball 1-0: Ball 2-0: Foul Ball, location: 2F 2-1: Ball 3-1: Swinging Strike 3-2: Foul Ball, location: 2F 3-2: Base on Balls
|
|
Batting: RHB Yasuoka Tsuda
|
0-0: Called Strike 0-1: Ball 1-1: Swinging Strike 1-2: Ball 2-2: Ball 3-2: Strikes out swinging
|
| Bottom of the 1st over - 0 runs, 1 hit, 0 errors, 2 left on base; Brockton 2 - Niagara Falls 0 |
| TOP OF THE 2ND |
|
Brockton Rox batting - Pitching for Niagara Falls Phantoms : RHP Frank Medrano
|
|
Batting: RHB Eric McClelland
|
0-0: Foul Ball, location: 2F 0-1: Ball 1-1: SINGLE (Groundball, 6, EV 105.0 MPH)
|
|
Batting: LHB Kien-lung Zou
|
0-0: Ball 1-0: Ball 2-0: Ball 3-0: Called Strike 3-1: Called Strike 3-2: Strikes out swinging
|
|
Batting: RHB Estevan Carrillo
|
0-0: Called Strike 0-1: Foul Ball, location: 2F Balk! Eric McClelland to second 0-2: Strikes out swinging
|
|
Batting: LHB Isaiah Spitzbarth
|
0-0: Ball 1-0: Swinging Strike 1-1: Fly out, F7 (Flyball, 7, EV 86.9 MPH)
|
| Top of the 2nd over - 0 runs, 1 hit, 0 errors, 1 left on base; Brockton 2 - Niagara Falls 0 |
| BOTTOM OF THE 2ND |
|
Niagara Falls Phantoms batting - Pitching for Brockton Rox : RHP Jose Abanto
|
|
Batting: RHB Paul Ngumi
|
0-0: Foul Ball, location: 2F 0-1: Foul Ball, location: 2F 0-2: Strikes out swinging
|
|
Batting: RHB Ken Stair
|
0-0: Ball 1-0: Ball 2-0: Ball 3-0: Base on Balls
|
|
Batting: LHB Dave Ortiz
|
0-0: Ball 1-0: Foul Ball, location: 2F 1-1: Swinging Strike 1-2: Ball 2-2: Ball 3-2: Grounds into double play, 4-6-3 (Groundball, 4, EV 90.0 MPH)
|
| Bottom of the 2nd over - 0 runs, 0 hits, 0 errors, 0 left on base; Brockton 2 - Niagara Falls 0 |
| TOP OF THE 3RD |
|
Brockton Rox batting - Pitching for Niagara Falls Phantoms : RHP Frank Medrano
|
|
Batting: LHB Robert Gonzalez
|
0-0: Foul Ball, location: 2F 0-1: Called Strike 0-2: Ball 1-2: Ball 2-2: Ball 3-2: Ground out 4-3 (Groundball, 4, EV 100.6 MPH)
|
|
Batting: RHB Willie Camacho
|
0-0: Foul Ball, location: 2F 0-1: Ball 1-1: Swinging Strike 1-2: Foul Ball, location: 2F 1-2: SINGLE (Line Drive, 3D, EV 98.1 MPH)
|
|
Batting: SHB Arihito Hiramoto
|
0-0: Ball 1-0: Called Strike 1-1: Ball 2-1: Called Strike 2-2: Fly out, F8 (Line Drive, 8RS, EV 100.6 MPH)
|
|
Batting: RHB Panam Palmer
|
0-0: Ball 1-0: Ball 2-0: Called Strike 2-1: Foul Ball, location: 2F 2-2: Ball 3-2: Base on Balls Willie Camacho to second
|
|
Batting: LHB Kenny Jackson
|
0-0: Called Strike 0-1: Foul Ball, location: 2F 0-2: Ball 1-2: Ball 2-2: Ball 3-2: SINGLE (Line Drive, 78S, EV 102.5 MPH) Willie Camacho to third Panam Palmer to second Willie Camacho scores Panam Palmer to third
|
|
Batting: RHB Eric McClelland
|
0-0: Foul Ball, location: 2F 0-1: Ball 1-1: Swinging Strike 1-2: Strikes out swinging
|
| Top of the 3rd over - 1 run, 2 hits, 0 errors, 2 left on base; Brockton 3 - Niagara Falls 0 |
| BOTTOM OF THE 3RD |
|
Niagara Falls Phantoms batting - Pitching for Brockton Rox : RHP Jose Abanto
|
|
Batting: RHB Arturo Gomez
|
0-0: Ball 1-0: Reached on error, E5 (Groundball, 5L, EV 81.2 MPH)
|
|
Batting: LHB Carlos Palau
|
0-0: Foul Ball, location: 2F 0-1: Foul Ball, location: 2F 0-2: Ball 1-2: Strikes out swinging
|
|
Batting: LHB Dario Segura
|
0-0: Fly out, F8 (Flyball, 8LD, EV 99.4 MPH)
|
|
Batting: RHB Jesus Ruiz
|
0-0: Called Strike 0-1: Foul Ball, location: 2F 0-2: Ground out 4-3 (Groundball, 4, EV 88.8 MPH)
|
| Bottom of the 3rd over - 0 runs, 0 hits, 1 error, 1 left on base; Brockton 3 - Niagara Falls 0 |
| TOP OF THE 4TH |
|
Brockton Rox batting - Pitching for Niagara Falls Phantoms : RHP Frank Medrano
|
|
Batting: LHB Kien-lung Zou
|
0-0: Ball 1-0: Ball 2-0: Called Strike 2-1: Called Strike 2-2: Ground out 5-3 (Groundball, 56, EV 93.1 MPH)
|
|
Batting: RHB Estevan Carrillo
|
0-0: DOUBLE (Flyball, 78D, EV 96.9 MPH)
|
|
Batting: LHB Isaiah Spitzbarth
|
0-0: Ball 1-0: Ground out U3 (Groundball, 3, EV 105.0 MPH) Estevan Carrillo to third
|
|
Batting: LHB Robert Gonzalez
|
0-0: Ball 1-0: Fly out, F8 (Line Drive, 78S, EV 95.0 MPH)
|
| Top of the 4th over - 0 runs, 1 hit, 0 errors, 1 left on base; Brockton 3 - Niagara Falls 0 |
| BOTTOM OF THE 4TH |
|
Niagara Falls Phantoms batting - Pitching for Brockton Rox : RHP Jose Abanto
|
|
Batting: LHB Justin Short
|
0-0: Ground out 2-3 (Groundball, 13S, EV 67.5 MPH)
|
|
Batting: RHB Yasuoka Tsuda
|
0-0: Ball 1-0: Swinging Strike 1-1: Called Strike 1-2: Strikes out swinging
|
|
Batting: RHB Paul Ngumi
|
0-0: Ball 1-0: SOLO HOME RUN (Flyball, 89XD, EV 110.0 MPH), Distance : 414 ft
|
|
Batting: RHB Ken Stair
|
0-0: Ball 1-0: Called Strike 1-1: Ball 2-1: Foul Ball, location: 2F 2-2: Foul Ball, location: 2F 2-2: Strikes out swinging, 2-3 out at first.
|
| Bottom of the 4th over - 1 run, 1 hit, 0 errors, 0 left on base; Brockton 3 - Niagara Falls 1 |
| TOP OF THE 5TH |
|
Brockton Rox batting - Pitching for Niagara Falls Phantoms : RHP Frank Medrano
|
|
Batting: RHB Willie Camacho
|
0-0: DOUBLE (Line Drive, 9LS, EV 98.1 MPH)
|
|
Batting: SHB Arihito Hiramoto
|
0-0: Foul Ball, location: 2F 0-1: Foul Ball, location: 2F 0-2: Foul Ball, location: 2F 0-2: Foul Ball, location: 2F 0-2: Strikes out swinging
|
|
Pitching: RHP Gary Salazar
|
|
|
Batting: RHB Panam Palmer
|
0-0: Called Strike 0-1: Foul Ball, location: 2F 0-2: Ball 1-2: Ball 2-2: Foul Ball, location: 2F 2-2: Ball 3-2: Strikes out swinging
|
|
Batting: LHB Kenny Jackson
|
0-0: Ball 1-0: Ball 2-0: SINGLE (Flyball, 3D, EV 87.5 MPH) Willie Camacho to third Runner from 3rd tries for Home, SAFE, throw by RF to home
|
|
Batting: RHB Eric McClelland
|
0-0: Ball 1-0: Ball 2-0: Foul Ball, location: 2F 2-1: Foul Ball, location: 2F 2-2: Fly out, F9 (Flyball, 89S, EV 95.6 MPH)
|
| Top of the 5th over - 1 run, 2 hits, 0 errors, 1 left on base; Brockton 4 - Niagara Falls 1 |
| BOTTOM OF THE 5TH |
|
Niagara Falls Phantoms batting - Pitching for Brockton Rox : RHP Jose Abanto
|
|
Batting: LHB Dave Ortiz
|
0-0: Ball 1-0: Fly out, F9 (Flyball, 9S, EV 88.1 MPH)
|
|
Batting: RHB Arturo Gomez
|
0-0: Called Strike 0-1: Fly out, F7 (Flyball, 78M, EV 74.4 MPH)
|
|
Batting: LHB Carlos Palau
|
0-0: Called Strike 0-1: Foul Ball, location: 2F 0-2: Strikes out swinging
|
| Bottom of the 5th over - 0 runs, 0 hits, 0 errors, 0 left on base; Brockton 4 - Niagara Falls 1 |
| TOP OF THE 6TH |
|
Brockton Rox batting - Pitching for Niagara Falls Phantoms : RHP Gary Salazar
|
|
Batting: LHB Kien-lung Zou
|
0-0: Ball 1-0: Swinging Strike 1-1: Swinging Strike 1-2: Strikes out swinging
|
|
Batting: RHB Estevan Carrillo
|
0-0: Ball 1-0: Foul Ball, location: 2F 1-1: Foul Ball, location: 2F 1-2: Ball 2-2: Foul Ball, location: 2F 2-2: Ball 3-2: Strikes out swinging
|
|
Batting: LHB Isaiah Spitzbarth
|
0-0: Ball 1-0: Ball 2-0: Called Strike 2-1: Swinging Strike 2-2: Strikes out swinging
|
| Top of the 6th over - 0 runs, 0 hits, 0 errors, 0 left on base; Brockton 4 - Niagara Falls 1 |
| BOTTOM OF THE 6TH |
|
Niagara Falls Phantoms batting - Pitching for Brockton Rox : RHP Jose Abanto
|
|
Batting: LHB Dario Segura
|
0-0: Called Strike 0-1: Ball 1-1: Ball 2-1: Called Strike 2-2: Foul Ball, location: 2F 2-2: Ball 3-2: Strikes out swinging
|
|
Batting: RHB Jesus Ruiz
|
0-0: Ball 1-0: Swinging Strike 1-1: Ball 2-1: Ball 3-1: Base on Balls
|
|
Batting: LHB Justin Short
|
0-0: Called Strike 0-1: Called Strike 0-2: Strikes out swinging
|
|
Batting: RHB Yasuoka Tsuda
|
0-0: Fly out, F8 (Flyball, 8RXD, EV 106.2 MPH)
|
| Bottom of the 6th over - 0 runs, 0 hits, 0 errors, 1 left on base; Brockton 4 - Niagara Falls 1 |
| TOP OF THE 7TH |
|
Brockton Rox batting - Pitching for Niagara Falls Phantoms : RHP Gary Salazar
|
|
Pitching: RHP Manny de la Cruz
|
|
|
Batting: LHB Robert Gonzalez
|
0-0: Called Strike 0-1: Called Strike 0-2: Ground out 4-3 (Groundball, 4, EV 80.6 MPH)
|
|
Batting: RHB Willie Camacho
|
0-0: Ball 1-0: Ball 2-0: Ball 3-0: Called Strike 3-1: Called Strike 3-2: Strikes out swinging
|
|
Batting: SHB Arihito Hiramoto
|
0-0: Ball 1-0: Ball 2-0: Single, Error in OF, E9, batter to second base (Groundball, 34D, EV 100.0 MPH)
|
|
Pinch Hitting: RHB Roger Mitchell
|
0-0: SINGLE (Groundball, 56D, EV 95.0 MPH) Arihito Hiramoto to third Runner from 3rd tries for Home, SAFE, throw by LF to home
|
|
Batting: LHB Kenny Jackson
|
0-0: Ball 1-0: Foul Ball, location: 2F 1-1: Foul Ball, location: 2F 1-2: Strikes out swinging
|
| Top of the 7th over - 1 run, 2 hits, 1 error, 1 left on base; Brockton 5 - Niagara Falls 1 |
| BOTTOM OF THE 7TH |
|
Niagara Falls Phantoms batting - Pitching for Brockton Rox : RHP Jose Abanto
|
|
Now at 3B: Roger Mitchell
|
|
|
Now in LF: Kien-lung Zou
|
|
|
Now in RF: Eric McClelland
|
|
|
Batting: RHB Paul Ngumi
|
0-0: Ball 1-0: Called Strike 1-1: Ball 2-1: Called Strike 2-2: Foul Ball, location: 2F 2-2: Strikes out swinging
|
|
Batting: RHB Ken Stair
|
0-0: Called Strike 0-1: SINGLE (Line Drive, 7LS, EV 93.1 MPH)
|
|
Pitching: RHP Marco Benavente
|
|
|
Batting: LHB Dave Ortiz
|
0-0: Called Strike 0-1: Foul Ball, location: 2F 0-2: Strikes out swinging
|
|
Batting: RHB Arturo Gomez
|
0-0: SINGLE (Groundball, 34S, EV 70.0 MPH) (infield hit) Ken Stair to second
|
|
Batting: LHB Carlos Palau
|
0-0: Ball 1-0: Fly out, F6 (Popup, 6, EV 52.5 MPH)
|
| Bottom of the 7th over - 0 runs, 2 hits, 0 errors, 2 left on base; Brockton 5 - Niagara Falls 1 |
| TOP OF THE 8TH |
|
Brockton Rox batting - Pitching for Niagara Falls Phantoms : RHP Manny de la Cruz
|
|
Pinch Hitting: RHB Felix Rangel
|
0-0: Called Strike 0-1: Ball 1-1: Ball 2-1: Foul Ball, location: 2F 2-2: SINGLE (Line Drive, 8RS, EV 88.8 MPH)
|
|
Pitching: RHP Chris Bryant
|
|
|
Batting: LHB Kien-lung Zou
|
0-0: Called Strike Felix Rangel steals 2nd base 0-1: Ball 1-1: Ball 2-1: Called Strike 2-2: Fly out, F7 (Flyball, 78D, EV 78.8 MPH)
|
|
Batting: RHB Estevan Carrillo
|
0-0: Called Strike 0-1: Called Strike 0-2: Ground out 3-1 (Groundball, 34, EV 100.6 MPH) Felix Rangel to third
|
|
Batting: LHB Isaiah Spitzbarth
|
0-0: Ball 1-0: Foul Ball, location: 2F 1-1: SINGLE (Flyball, 34D, EV 91.2 MPH) Felix Rangel scores
|
|
Batting: LHB Robert Gonzalez
|
0-0: Foul Ball, location: 2F 0-1: TRIPLE (Line Drive, 89XD, EV 103.1 MPH) Isaiah Spitzbarth scores
|
|
Batting: RHB Willie Camacho
|
0-0: Swinging Strike 0-1: Swinging Strike 0-2: Ball 1-2: Fly out, F8 (Flyball, 8RXD, EV 99.4 MPH)
|
| Top of the 8th over - 2 runs, 3 hits, 0 errors, 1 left on base; Brockton 7 - Niagara Falls 1 |
| BOTTOM OF THE 8TH |
|
Niagara Falls Phantoms batting - Pitching for Brockton Rox : RHP Marco Benavente
|
|
Now in RF: Felix Rangel
|
|
|
Batting: LHB Dario Segura
|
0-0: Ball 1-0: Swinging Strike 1-1: Ball 2-1: Foul Ball, location: 2F 2-2: DOUBLE (Line Drive, 7LS, EV 109.4 MPH)
|
|
Batting: RHB Jesus Ruiz
|
0-0: Called Strike Balk! Dario Segura to third 0-1: Ball 1-1: Foul Ball, location: 2F 1-2: Ball 2-2: Ball 3-2: Strikes out looking
|
|
Batting: LHB Justin Short
|
0-0: Ball 1-0: Ball 2-0: 2-RUN HOME RUN (Line Drive, 89XD, EV 99.4 MPH), Distance : 415 ft
|
|
Batting: RHB Yasuoka Tsuda
|
0-0: Ball 1-0: Foul Ball, location: 2F 1-1: Swinging Strike 1-2: Strikes out looking
|
|
Batting: RHB Paul Ngumi
|
0-0: Ball 1-0: Called Strike 1-1: Swinging Strike 1-2: Ground out 4-3 (Groundball, 4, EV 81.9 MPH)
|
| Bottom of the 8th over - 2 runs, 2 hits, 0 errors, 0 left on base; Brockton 7 - Niagara Falls 3 |
| TOP OF THE 9TH |
|
Brockton Rox batting - Pitching for Niagara Falls Phantoms : RHP Chris Bryant
|
|
Batting: SHB Arihito Hiramoto
|
0-0: Ball 1-0: Foul Ball, location: 2F 1-1: Called Strike 1-2: Ball 2-2: Fly out, F7 (Flyball, 7D, EV 108.1 MPH)
|
|
Batting: RHB Roger Mitchell
|
0-0: Called Strike 0-1: Swinging Strike 0-2: Ball 1-2: Foul Ball, location: 2F 1-2: Ball 2-2: Strikes out swinging
|
|
Pitching: LHP Daniel Fagan
|
|
|
Batting: LHB Kenny Jackson
|
0-0: Called Strike 0-1: Foul Ball, location: 2F 0-2: Ball 1-2: Ball 2-2: Ball 3-2: Foul Ball, location: 2F 3-2: SINGLE (Line Drive, 4D, EV 98.1 MPH)
|
|
Batting: RHB Felix Rangel
|
0-0: Fielders Choice at 2nd, 6-4 (Groundball, 6, EV 78.8 MPH)
|
| Top of the 9th over - 0 runs, 1 hit, 0 errors, 1 left on base; Brockton 7 - Niagara Falls 3 |
| BOTTOM OF THE 9TH |
|
Niagara Falls Phantoms batting - Pitching for Brockton Rox : RHP Marco Benavente
|
|
Batting: RHB Ken Stair
|
0-0: Called Strike 0-1: Swinging Strike 0-2: Strikes out swinging
|
|
Pinch Hitting: RHB Danny Ayala
|
0-0: Ball 1-0: Foul Ball, location: 2F 1-1: Foul Ball, location: 2F 1-2: Ball 2-2: Strikes out swinging
|
|
Pitching: RHP Paul Carter
|
|
|
Pinch Hitting: RHB Tchaa Kombate
|
0-0: Called Strike 0-1: Ball 1-1: Ball 2-1: Swinging Strike 2-2: Strikes out swinging
|
| Bottom of the 9th over - 0 runs, 0 hits, 0 errors, 0 left on base; Brockton 7 - Niagara Falls 3 |
|